 Dungeon Crawl Stone Soup version 0.21-a0-286-g6fcecc0 (webtiles) character file.

2926 tidbits the Fighter (level 9, -1/84 HPs)
             Began as a Green Draconian Monk on Sept 27, 2017.
             Was a Believer of Wu Jian.
             Slain by a sixfirhy (11 damage)
             ... on level 3 of the Abyss.
             The game lasted 00:27:37 (3728 turns).

tidbits the Fighter (Green Draconian Monk)          Turns: 3728, Time: 00:27:37

Health: -1/84      AC: 11    Str: 16    XL:     9   Next: 50%
Magic:  9/9        EV: 23    Int: 13    God:    Wu Jian [**....]
Gold:   306        SH:  0    Dex: 20    Spells: 8/8 levels left

rFire    . . .     SeeInvis .   s - +5 quarterstaff (chaos)
rCold    + . .     Gourm    .   (shield currently unavailable)
rNeg     . . .     Faith    .   (armour unavailable)
rPois    +         Spirit   .   (helmet restricted)
rElec    .         Reflect  .   C - +2 cloak
rCorr    .         Harm     .   (no gloves)
MR       .....                  F - +0 pair of boots
Stlth    +++.......             (no amulet)
HPRegen  0.24/turn              q - +3 ring of strength
MPRegen  0.11/turn              H - ring of protection from cold

@: agile
A: breathe noxious fumes, unfitting armour, poison resistance, cold-blooded, AC
+7
a: Breathe Noxious Fumes, Renounce Religion


You were on level 3 of the Abyss.
You worshipped Wu Jian.
Wu Jian was pleased with you.
You were not hungry.

You visited 2 branches of the dungeon, and saw 10 of its levels.
You visited the Abyss 1 time.
You also visited: Sewer.

You collected 306 gold pieces.

Inventory:

Hand Weapons
 d - a +0 long sword
 r - a +0 blowgun
 s - a +5 quarterstaff of chaos (weapon)
   (You took it off Crazy Yiuf on level 4 of the Dungeon)
 w - a +0 shortbow
 D - a +0 halberd of protection
   (You took it off an orc warrior on level 6 of the Dungeon)
 L - a +1 dire flail of protection
   (You took it off Edmund on level 4 of the Dungeon)
Missiles
 h - 31 stones
 i - 2 javelins (quivered)
 k - 6 tomahawks
 v - 14 poisoned needles
 x - 110 arrows
 z - a throwing net {!f}
Armour
 C - a +2 cloak (worn)
 F - a +0 pair of boots (worn)
Jewellery
 q - a +3 ring of strength (left hand)
   (You found it on level 2 of the Dungeon)
 H - a ring of protection from cold (right hand)
   (You found it on level 7 of the Dungeon)
 P - an uncursed ring of poison resistance
   (You took it off Ijyb on level 4 of the Dungeon)
Wands
 e - a wand of flame (2/48)
Scrolls
 a - 2 scrolls of enchant armour
 g - 3 scrolls of remove curse
 j - 2 scrolls of random uselessness
 l - 2 scrolls of enchant weapon
 m - a scroll of teleportation
 n - a scroll of identify
 p - 2 scrolls of amnesia {unknown}
 u - 2 scrolls of blinking {unknown}
 y - 2 scrolls of recharging {unknown}
 K - a scroll of vulnerability {unknown}
Potions
 o - a potion of agility
 t - 3 potions of brilliance
 A - 5 potions of flight
 E - a potion of magic
 J - a potion of curing
Comestibles
 b - 10 bread rations
 c - 8 meat rations
 f - 5 royal jellies


   Skills:
 - Level 9.6 Fighting
 - Level 3.0 Long Blades
 - Level 8.0 Dodging
 - Level 1.7 Stealth
 + Level 6.2 Unarmed Combat


You had 8 spell levels left.
You didn't know any spells.

Dungeon Overview and Level Annotations

Branches:
Dungeon (9/15)             Temple (1/1) D:4            Lair (0/6) D:8
    Orc: D:9-12

Altars:
Cheibriados
Dithmenos
Makhleb
Trog
Vehumet
Wu Jian
Xom
The Shining One

Annotations:
D:9 Hasart's ghost, journeyman KoFi


Innate Abilities, Weirdness & Mutations

You can breathe blasts of noxious fumes.
Your lurid green scales are hard. (AC +7)
You cannot fit into any form of body armour.
Your system is resistant to poisons. (rPois)
You are cold-blooded and may be slowed by cold attacks.


Message History

The white imp hits you but does no damage.
You hit the white imp.
The white imp convulses.
You tail-slap the white imp.
You kill the white imp!
The Council accepts your kill.
The ynoxinul gestures.
The ufetubus closely misses you. x2
You spin and attack the ufetubus.
You completely miss the ufetubus. The ufetubus misses you.
The ufetubus closely misses you.
The ufetubus hits you but does no damage.
The ufetubus closely misses you. The ufetubus closely misses you. x2
The ufetubus closely misses you.
The ufetubus hits you but does no damage.
The ufetubus closely misses you. The ufetubus barely misses you.
The ufetubus disappears in a puff of smoke! x3
A shadow comes into view.
A starcursed mass comes into view.
A starcursed mass splits.
The shadow moves out of view.
As you read the scroll of teleportation, it crumbles to dust.
You feel strangely unstable.
You feel the power of the Abyss delaying your translocation!
A starcursed mass splits.
A chorus of shrieks assaults your mind.
A starcursed mass splits.
A chorus of shrieks assaults your mind.
* * * LOW HITPOINT WARNING * * *
A starcursed mass splits.
The starcursed mass shrieks in your mind.
* * * LOW HITPOINT WARNING * * *
A starcursed mass splits.
A chorus of shrieks assaults your mind.
* * * LOW HITPOINT WARNING * * *
A starcursed mass splits.
You completely miss the shadow. You tail-slap the shadow.
The shadow is lightly damaged.
The shadow slips into darkness.
The shadow flickers and vanishes!
Deactivating autopickup; reactivate with Ctrl-A.
A chorus of shrieks assaults your mind.
* * * LOW HITPOINT WARNING * * *
The shadow strikes at you from the darkness!
* * * LOW HITPOINT WARNING * * *
Reactivating autopickup.
A tormentor comes into view.
You spin and attack the shadow.
The tormentor roars!
You sock the shadow! You burn the shadow.
The shadow is heavily damaged.
A large abomination comes into view.
You are feeling very hungry.
The shadow closely misses you.
You spin and attack the shadow.
You sock the shadow! Lightning courses through the shadow!
You destroy the shadow!
The Council accepts your kill.
Your Unarmed Combat skill increases to level 6!
A starcursed mass splits.
The large abomination closely misses you.
You spin and attack the large abomination.
You hit the large abomination but do no damage.
Lightning courses through the large abomination!
The large abomination is lightly damaged.
The tormentor says, "I'll crush your bones, one by one."
The large abomination misses you.
Found a scroll labeled WOUROTW SEGEX.
The tormentor gestures at you.
You struggle to resist.
A wretched star comes into view.
You are suddenly pulled into a different region of the Abyss!
You eat one of the 3 fruits.
Mmmm...
Yummy eggfruit.
You eat one of the 2 fruits.
That durian smelled terrible... but tasted delicious!
You eat the fruit.
Mmm - a full handful of grapes!
Found a quarterstaff.
A sixfirhy comes into view.
The sixfirhy hits you.
* * * LOW HITPOINT WARNING * * *
The sixfirhy shocks you!
* * * LOW HITPOINT WARNING * * *
The sixfirhy closely misses you. The sixfirhy misses you.
You barely miss the sixfirhy.
You feel better.
You feel agile all of a sudden. The sixfirhy misses you.
The sixfirhy completely misses you. The sixfirhy barely misses you.
You closely miss the sixfirhy. You tail-slap the sixfirhy.
The sixfirhy is lightly wounded.
The sixfirhy closely misses you. The sixfirhy completely misses you. x2
The sixfirhy misses you. The sixfirhy barely misses you.
You sock the sixfirhy!
The sixfirhy is moderately wounded.
You thump the sixfirhy! You freeze the sixfirhy.
The sixfirhy is heavily wounded.
The sixfirhy completely misses you.
You barely miss the sixfirhy.
Your tail-slap misses the sixfirhy.
The sixfirhy is heavily wounded.
The sixfirhy misses you. The sixfirhy barely misses you. The sixfirhy hits you.
* * * LOW HITPOINT WARNING * * *
The sixfirhy shocks you!
You die...

##.#.........#
# .#.#####..##
# ....#
#...#.# #.#.#.
#...### .
#.#.##.# #
.#...#.#.#
##.......#
#..#.#...#
#..@....#
#.....3####.#
.##.#.. ###
#.#... #.#.
#... . .. ..
.#


You could see a sixfirhy.

Vanquished Creatures
  A centaur zombie (D:9)
  An orange demon (Abyss:3)
  A shadow (Abyss:3)
  Menkaure (D:5)
  Edmund (D:4)
  2 sky beasts
  2 orc warriors (D:6)
  A phantom (D:4)
  2 centaurs
  4 ogres
  A bullfrog (D:7)
  2 scorpions
  2 howler monkeys (D:4)
  The ghost of p0werm0de the Conjurer, a weakling DsFE (D:3)
  3 crimson imps
  A jelly (shapeshifter) (D:4)
  Crazy Yiuf (D:4)
  An orc priest (D:6)
  A jelly (D:7)
  2 orc wizards
  Ijyb (D:4)
  Natasha (thrice) (D:4)
  An iguana (D:3)
  3 worker ants
  A hound skeleton (D:6)
  3 gnolls (D:6)
  A howler monkey skeleton (D:4)
  10 adders
  A river rat (D:6)
  A shadow imp (D:5)
  A white imp (Abyss:3)
  An ooze (D:2)
  2 adder skeletons
  A worm (D:2)
  4 dart slugs
  4 leopard geckos
  11 orcs
  2 ball pythons (D:3)
  5 giant cockroaches
  2 goblins
  7 hobgoblins
  9 jackals
  6 kobolds
  2 quokkas
  2 bats
  12 frilled lizards
  A quokka skeleton (D:4)
  9 rats
137 creatures vanquished.

Vanquished Creatures (others)
  2 orcs (D:3)
2 creatures vanquished.

Grand Total: 139 creatures vanquished

Notes
Turn   | Place    | Note
-------+----------+-------------------------------------------
     0 | D:1      | tidbits the Draconian Monk began the quest for the Orb.
     0 | D:1      | Reached XP level 1. HP: 19/19 MP: 1/1
   100 | D:1      | Reached skill level 3 in Dodging
   101 | D:1      | Reached XP level 2. HP: 15/26 MP: 2/2
   280 | D:2      | Reached XP level 3. HP: 23/33 MP: 3/3
   294 | D:2      | Reached skill level 4 in Fighting
   723 | D:2      | Reached XP level 4. HP: 29/41 MP: 4/4
   832 | D:3      | Noticed p0werm0de's ghost (weakling DsFE)
   855 | D:3      | Killed p0werm0de's ghost
   888 | D:3      | Reached skill level 4 in Dodging
   968 | D:3      | Reached skill level 5 in Fighting
   989 | D:3      | HP: 3/42 [iguana (14)]
   990 | D:3      | Reached XP level 5. HP: 3/48 MP: 5/5
  1116 | D:4      | Noticed Ijyb
  1116 | D:4      | Noticed a phantom
  1370 | D:4      | Noticed an ogre
  1394 | D:4      | Found a runed door.
  1398 | D:4      | Noticed Crazy Yiuf
  1412 | D:4      | HP: 3/48 [Crazy Yiuf/quarterstaff of chaos (12)]
  1414 | D:4      | Killed Crazy Yiuf
  1457 | D:4      | Killed Ijyb
  1637 | D:5      | Entered Level 5 of the Dungeon
  1723 | D:5      | Reached XP level 6. HP: 57/57 MP: 6/6
  1735 | D:5      | Reached skill level 6 in Fighting
  1782 | D:5      | Noticed an ice beast
  1790 | D:5      | Reached skill level 5 in Dodging
  1898 | D:5      | Noticed a sky beast
  2057 | D:4      | Your scales start taking on a lurid green colour.
  2057 | D:4      | Reached XP level 7. HP: 41/64 MP: 7/7
  2057 | D:4      | Gained mutation: Your system is resistant to poisons. (rPois) [Green Draconian growth]
  2086 | D:5      | Reached skill level 7 in Fighting
  2175 | D:5      | Reached skill level 6 in Dodging
  2353 | D:6      | Reached skill level 8 in Fighting
  2353 | D:6      | Reached XP level 8. HP: 60/74 MP: 8/8
  2365 | D:6      | Found a glowing drain.
  2389 | Sewer    | Entered a sewer
  2812 | D:6      | Reached skill level 7 in Dodging
  2838 | D:4      | Noticed Edmund
  2841 | D:4      | Noticed Natasha
  2852 | D:4      | Killed Edmund
  2865 | D:4      | Killed Natasha
  2957 | D:4      | Noticed Natasha
  2963 | D:4      | Killed Natasha
  2963 | D:4      | Reached skill level 9 in Fighting
  3073 | D:5      | Noticed Menkaure
  3081 | D:5      | Killed Menkaure
  3100 | D:5      | Reached skill level 8 in Dodging
  3151 | D:4      | Noticed Natasha
  3158 | D:4      | Killed Natasha
  3218 | D:4      | Found a staircase to the Ecumenical Temple.
  3222 | Temple   | Entered the Ecumenical Temple
  3255 | Temple   | Became a worshipper of the Wu Jian Council
  3255 | Temple   | Reached * piety under Wu Jian
  3255 | Temple   | Reached ** piety under Wu Jian
  3358 | D:6      | Reached skill level 1 in Unarmed Combat
  3358 | D:6      | Reached XP level 9. HP: 84/84 MP: 9/9
  3362 | D:6      | Reached skill level 2 in Unarmed Combat
  3531 | D:8      | Found a staircase to the Lair.
  3545 | D:9      | Noticed Hasart's ghost (journeyman KoFi)
  3548 | D:9      | Reached skill level 4 in Unarmed Combat
  3549 | D:9      | Cast into level 3 of the Abyss (Hasart's ghost)
  3572 | Abyss:3  | Noticed an orange demon
  3589 | Abyss:3  | Killed an orange demon
  3589 | Abyss:3  | Reached skill level 5 in Unarmed Combat
  3603 | Abyss:3  | Noticed a starcursed mass
  3636 | Abyss:3  | Found a corrupted altar of Lugonu.
  3681 | Abyss:3  | Noticed a starcursed mass
  3689 | Abyss:3  | HP: 7/84 [something (14)]
  3690 | Abyss:3  | Noticed a tormentor
  3690 | Abyss:3  | Noticed a large abomination
  3691 | Abyss:3  | Reached skill level 6 in Unarmed Combat
  3695 | Abyss:3  | Noticed a wretched star
  3721 | Abyss:3  | Noticed a sixfirhy
  3721 | Abyss:3  | HP: 2/84 [sixfirhy (10)]
  3728 | Abyss:3  | Slain by a sixfirhy

Vault maps used:
D:1:      dpeg_arrival_short_road, dk_noncrumbling_3, grunt_decor_fettered
D:2:      lemuel_another_geyser
D:4:      minmay_temple_entry_butterflies, first_bread, kennysheep_doodads,
          uniq_edmund, uniq_ijyb, uniq_natasha, uniq_crazy_yiuf_cottage
D:5:      uniq_menkaure
D:6:      portal_sewer_entry_a
D:7:      nemelex_xobeh_ov_fountains_minmay, grunt_ogre_cave,
          roderic_roman_lattice
D:8:      minmay_lair_entry_lava, basic_altar, makhleb_heckhound_becter
D:9:      gammafunk_cloud_chamber, minivault_16, kennysheep_boxes, uniq_grum
Temple:   regret_index_temple_sigil_plot
Abyss:3:  nicolae_abyss_rune_star_stuff, bh_abyss_exit_choice
Sewer:    sewer_co_purgy_island

Skill      XL: |  1  2  3  4  5  6  7  8  9 |
---------------+----------------------------+-----
Dodging        | 3 4 5 6 8 |  8.0
Fighting       | 4 5 6 8 9 |  9.6
Unarmed Combat | 1 6 |  6.2
Long Blades    | |  3.0
Stealth        | |  1.7

Action                   |  1- 3 |  4- 6 |  7- 9 || total
-------------------------+-------+-------+-------++-------
Melee: Falchion          |    58 |       |       ||    58
       Tailslap          |    14 |    11 |    28 ||    53
       Long sword        |    45 |    77 |       ||   122
       Quarterstaff      |       |    57 |   190 ||   247
Throw: Javelin           |     4 |     3 |       ||     7
       Stone             |       |     1 |       ||     1
 Abil: Breathe Noxious F |       |       |    15 ||    15
  Use: Potion            |       |     8 |     4 ||    12
       Scroll            |       |     2 |    11 ||    13
 Stab: Sleeping          |     6 |     5 |     4 ||    15
       Confused          |       |       |     8 ||     8
       Petrified         |       |       |     4 ||     4
       Petrifying        |       |       |     1 ||     1
  Eat: Chunk             |       |     4 |     8 ||    12
       Fruit             |       |       |     3 ||     3
Armor: Skin              |    26 |    36 |    45 ||   107
Dodge: Dodged            |    66 |   126 |   140 ||   332
       Rpst.: Falchion   |    11 |       |       ||    11
       Long sword        |    13 |    24 |       ||    37

Table legend:
 A = Spawn XP
 B = Non-spawn XP
 C = Spawn XP percentage of total XP
 D = Spawn monster count
 E = Non-spawn monster count
 F = Spawn count percentage of total count
 G = Total turns spent on level
                    A         B        C        D         E        F      G
               +---------+---------+-------+---------+---------+-------+---------
         Total |     456 |    3725 |  10.9 |       2 |     136 |   1.4 |  3728
               +---------+---------+-------+---------+---------+-------+---------
           D:1 |       0 |      31 |   0.0 |       0 |      16 |   0.0 |   511
           D:2 |       0 |      83 |   0.0 |       0 |      26 |   0.0 |   355
           D:3 |       0 |     144 |   0.0 |       0 |      19 |   0.0 |   628
           D:4 |       0 |     882 |   0.0 |       0 |      21 |   0.0 |   657
           D:5 |       0 |     887 |   0.0 |       0 |      15 |   0.0 |   483
           D:6 |       0 |     475 |   0.0 |       0 |      18 |   0.0 |   298
           D:7 |       0 |     537 |   0.0 |       0 |      14 |   0.0 |   480
           D:9 |       0 |     467 |   0.0 |       0 |       1 |   0.0 |    13
       Abyss:3 |     456 |     214 |  68.1 |       2 |       1 |  66.7 |   179
         Sewer |       0 |       5 |   0.0 |       0 |       5 |   0.0 |    69
               +---------+---------+-------+---------+---------+-------+---------

Table legend:
 A = Turns spent in this place as a percentage of turns spent in the entire game.
 B = Non-inter-level travel turns spent in this place as a percentage of non-inter-level travel turns spent in the entire game.
 C = Inter-level travel turns spent in this place as a percentage of turns spent in this place.
 D = Turns resting spent in this place as a percentage of non-inter-level travel turns spent in this place.
 E = Turns spent auto-exploring this place as a percentage of non-inter-level travel turns spent in this place.
 F = Non-inter-level travel turns spent in this place divided by the number of levels of this place that you've seen.
                   A       B       C       D       E      F
               +-------+-------+-------+-------+-------+----------------------
         Total | 100.0 | 100.0 |   7.8 |   0.0 |   0.0 | 286.6
       Dungeon |  92.2 |  91.6 |   8.4 |   0.0 |   0.0 | 350.0
        Temple |   1.1 |   1.2 |   0.0 |   0.0 |   0.0 |  41.0
         Abyss |   4.8 |   5.2 |   0.0 |   0.0 |   0.0 | 179.0
         Sewer |   1.9 |   2.0 |   0.0 |   0.0 |   0.0 |  69.0
               +-------+-------+-------+-------+-------+----------------------

Table legend:
 A = Kills in this place as a percentage of kills in entire the game.
 B = Kills by you in this place as a percentage of kills by you in the entire game.
 C = Kills by friends in this place as a percentage of kills by friends in the entire game.
 D = Other kills in this place as a percentage of other kills in the entire game.
 E = Experience gained in this place as a percentage of experience gained in the entire game.
 F = Experience gained in this place divided by the number of levels of this place that you have seen.
                   A       B       C       D       E      F
               +-------+-------+-------+-------+-------+----------------------
         Total | 100.0 | 100.0 |   N/A | 100.0 | 100.0 | 348.4
       Dungeon |  94.2 |  94.1 |   N/A | 100.0 |  83.9 | 389.6
         Abyss |   2.2 |   2.2 |   N/A |   0.0 |  16.0 | 670.0
         Sewer |   3.6 |   3.7 |   N/A |   0.0 |   0.1 |   5.0
               +-------+-------+-------+-------+-------+----------------------

Vault maps used:
D:1:      dpeg_arrival_short_road, dk_noncrumbling_3, grunt_decor_fettered
D:2:      lemuel_another_geyser
D:4:      minmay_temple_entry_butterflies, first_bread, kennysheep_doodads,
          uniq_edmund, uniq_ijyb, uniq_natasha, uniq_crazy_yiuf_cottage
D:5:      uniq_menkaure
D:6:      portal_sewer_entry_a
D:7:      nemelex_xobeh_ov_fountains_minmay, grunt_ogre_cave,
          roderic_roman_lattice
D:8:      minmay_lair_entry_lava, basic_altar, makhleb_heckhound_becter
D:9:      gammafunk_cloud_chamber, minivault_16, kennysheep_boxes, uniq_grum
Temple:   regret_index_temple_sigil_plot
Abyss:3:  nicolae_abyss_rune_star_stuff, bh_abyss_exit_choice
Sewer:    sewer_co_purgy_island
